[Event "XLII San Sebastian Open 2019"]
[Site "San Sebastian"]
[Date "2019.04.18"]
[Round "7.5"]
[White "Cifuentes Parada, Roberto"]
[Black "Alcazar Jimenez, Victor"]
[Result "1/2-1/2"]
[ECO "A46"]
[WhiteElo "2445"]
[BlackElo "2363"]
[Annotator "NA"]
[PlyCount "186"]
[EventDate "2019.04.13"]
[EventType "swiss"]
[EventCountry "ESP"]
[SourceTitle "playchess.com"]
[Source "ChessBase"]
[SourceQuality "1"]
[TimeControl "5400+30"]

1. d4 e6 2. Nf3 Nf6 3. Bg5 h6 4. Bh4 Be7 5. Nbd2 d5 6. e3 b6 7. c3 O-O 8. Bd3 c5 9. O-O Nbd7 10. Ne5 Nxe5 11. dxe5 Nd7 12. Bxe7 Qxe7 13. f4 Bb7 14. Qh5 {[%emt 0:03:04] D03: 1 d4 d5 2 Nf3 Nf6 3 Bg5, including Torre Attack with early ...d5} Qe8 15. Nf3 a5 {[%emt 0:10:55] [#]} 16. Rae1 $146 ({Predecessor:} 16. Rf2 Ba6 17. Bc2 f6 18. Qxe8 Raxe8 19. exf6 Rxf6 20. g3 e5 21. Rd2 {1-0 (80) Harikrishna,P (2664)-Spoelman,W (2424) Wijk aan Zee 2008}) 16... f5 17. Qxe8 Rfxe8 18. Bb5 Re7 19. Rd1 Nb8 20. Kf2 Na6 21. Rg1 Nc7 22. Bd3 Ba6 23. Bc2 b5 24. g4 (24. a3 $16) 24... fxg4 25. Rxg4 b4 26. cxb4 axb4 27. Bb1 Nb5 28. Rc1 Rc8 29. e4 Bb7 30. f5 dxe4 $14 31. Bxe4 exf5 32. Bxb7 Rxb7 33. Rxb4 cxb4 34. Rxc8+ Kf7 35. Rc6 Na7 36. Rc5 Nb5 37. Rc4 Nc7 38. Nd4 g6 39. Rc6 Ra7 40. Kf3 Nd5 41. Rd6 Ne7 42. Rb6 Rxa2 43. Rxb4 Ra5 44. e6+ Kf6 45. Rb7 Ra4 46. Rd7 Ke5 47. Ke3 Nd5+ 48. Kf3 Rxd4 49. e7 Nf6 50. Rd8 Rf4+ 51. Kg3 Rg4+ 52. Kf3 Rf4+ 53. Kg3 Rg4+ 54. Kf3 Ke6 55. e8=Q+ Nxe8 56. Rxe8+ Kf6 57. Rb8 Kg5 58. h3 Rd4 59. Rb6 Rd3+ 60. Kg2 Kh5 61. Rb5 Kh4 62. Rb4+ Kg5 63. Rb5 h5 64. Rb6 Rd2+ 65. Kg1 Rc2 66. b3 Rb2 67. h4+ Kh6 68. Kf1 Rd2 69. Rb4 Kg7 70. Rc4 Kf6 71. Rc6+ Kf7 72. Rc4 Ke6 73. b4 Kd5 74. Rc5+ Kd6 75. Rc4 Rb2 76. Ke1 Rg2 77. b5 Kd5 78. Rc6 Rg4 79. Kf2 Rf4+ 80. Ke3 Re4+ 81. Kf3 Re6 82. Rc1 Rb6 83. Rb1 Kc5 84. Kf4 Rxb5 85. Rc1+ Kd5 86. Rd1+ Ke6 87. Kg5 Rb4 88. Kxg6 Rxh4 89. Kg5 Rg4+ 90. Kxh5 Rg8 91. Kh4 f4 92. Ra1 Kf5 93. Ra5+ Ke4 1/2-1/2

[Event "XLII San Sebastian Open 2019"]
[Site "San Sebastian"]
[Date "2019.04.18"]
[Round "7.6"]
[White "Harutjunyan, Gevorg"]
[Black "Prieto Aranguren, Alain"]
[Result "1-0"]
[ECO "A05"]
[WhiteElo "2440"]
[BlackElo "2257"]
[Annotator "RC"]
[PlyCount "59"]
[EventDate "2019.04.13"]
[EventType "swiss"]
[EventCountry "ESP"]
[SourceTitle "playchess.com"]
[Source "ChessBase"]
[SourceQuality "1"]
[TimeControl "5400+30"]

1. Nf3 Nf6 2. g3 g6 3. b3 Bg7 4. Bb2 O-O 5. Bg2 d6 6. d4 c5 7. c4 cxd4 8. Nxd4 d5 9. cxd5 Nxd5 10. O-O Nb4 11. Na3 Qd7 12. Nc4 Rd8 13. Qd2 N8c6 14. Nxc6 Nxc6 15. Qc1 Bxb2 16. Qxb2 Qd4 17. Qa3 Be6 18. Rac1 Rac8 19. e3 Qf6 20. Na5 Nxa5 21. Qxa5 b6 22. Rxc8 Rxc8 23. Qxa7 Qb2 24. h4 Rc2 25. Qxe7 Qxa2 26. Qd8+ Kg7 27. Qd4+ f6 28. Ra1 Qxb3 29. Ra7+ Bf7 30. Bd5 1-0

[Event "XLII San Sebastian Open 2019"]
[Site "San Sebastian"]
[Date "2019.04.18"]
[Round "7.7"]
[White "Pastor Alonso De Prado, Alberto"]
[Black "Randazzo, Adrian"]
[Result "1/2-1/2"]
[ECO "C02"]
[WhiteElo "2090"]
[BlackElo "2248"]
[Annotator "NA"]
[PlyCount "76"]
[EventDate "2019.04.13"]
[EventType "swiss"]
[EventCountry "ESP"]
[SourceTitle "playchess.com"]
[Source "ChessBase"]
[SourceQuality "1"]
[TimeControl "5400+30"]

1. e4 c5 2. c3 e6 3. d4 d5 4. e5 Nc6 5. Nf3 Bd7 6. Be2 Nge7 7. Na3 cxd4 8. cxd4 Nf5 9. Nc2 Qb6 10. g4 Nfe7 11. h4 Na5 12. b4 Nc4 13. a4 Nc6 14. b5 N6a5 15. Ne3 Rc8 16. h5 a6 17. bxa6 bxa6 18. Kf1 Be7 19. g5 Qb3 20. Ng4 Qc3 21. Ra2 Nb3 22. Bf4 Qb4 23. Kg2 Bxa4 24. g6 fxg6 25. h6 gxh6 26. Bxh6 Nb6 27. Nf6+ Bxf6 28. exf6 Rc7 29. Bxa6 g5 30. Qe2 Nxd4 31. Qe5 Nxf3 32. Qxc7 Qg4+ 33. Kf1 Nd7 34. Qc8+ Kf7 35. Qxh8 Nh2+ 36. Rxh2 Qd1+ 37. Kg2 Qg4+ 38. Kh1 Qd1+ 1/2-1/2

[Event "XLII San Sebastian Open 2019"]
[Site "San Sebastian"]
[Date "2019.04.18"]
[Round "7.8"]
[White "Perez Gonzalez, Jose Manuel"]
[Black "Corral Sierra, Javier"]
[Result "1-0"]
[ECO "B48"]
[WhiteElo "2231"]
[BlackElo "2058"]
[Annotator "NA"]
[PlyCount "109"]
[EventDate "2019.04.13"]
[EventType "swiss"]
[EventCountry "ESP"]
[SourceTitle "playchess.com"]
[Source "ChessBase"]
[SourceQuality "1"]
[TimeControl "5400+30"]

1. e4 c5 2. Nf3 e6 3. d4 cxd4 4. Nxd4 Nc6 5. Nc3 Qc7 6. Be3 a6 7. Qd2 Nf6 8. O-O-O Be7 9. f3 b5 10. Nxc6 dxc6 11. g4 Bb7 12. Qf2 Rd8 13. Rxd8+ Bxd8 14. Bg2 e5 15. h4 h6 16. Ne2 Bc8 17. Ng3 g6 18. Qd2 Qa5 19. Qxa5 Bxa5 20. Rd1 Bb4 21. Bf1 Be6 22. a4 Nd7 23. axb5 axb5 24. Be2 Ke7 25. c3 Bc5 26. Rxd7+ Kxd7 27. Bxc5 Ra8 28. Be3 Bb3 29. Kb1 Rh8 30. Nf1 h5 31. g5 Ra8 32. Nd2 Ba2+ 33. Kc2 Be6 34. c4 Ra1 35. cxb5 Re1 36. bxc6+ Kxc6 37. Kd3 Bc8 38. b3 Ba6+ 39. Nc4 Bxc4+ 40. bxc4 Ra1 41. Bf2 Ra2 42. Bg3 Kd6 43. Ke3 Rc2 44. f4 exf4+ 45. Bxf4+ Kc5 46. Be5 Rc1 47. Bd4+ Kc6 48. e5 Kd7 49. Bf3 Ke7 50. Bd5 Rg1 51. Ke2 Rg4 52. Bc5+ Ke8 53. Bf2 Rf4 54. c5 Rf5 55. Bg3 1-0

[Event "XLII San Sebastian Open 2019"]
[Site "San Sebastian"]
[Date "2019.04.18"]
[Round "7.9"]
[White "Alcazar Jimenez, Jesus"]
[Black "Lopez Mijail, Nicolas"]
[Result "0-1"]
[ECO "B40"]
[WhiteElo "2189"]
[BlackElo "1980"]
[Annotator "NA"]
[PlyCount "92"]
[EventDate "2019.04.13"]
[EventType "swiss"]
[EventCountry "ESP"]
[SourceTitle "playchess.com"]
[Source "ChessBase"]
[SourceQuality "1"]
[TimeControl "5400+30"]

1. e4 c5 2. Nf3 e6 3. b3 Nc6 4. Bb5 Nge7 5. Bb2 a6 6. Be2 d6 7. O-O e5 8. c3 g6 9. d4 Bg7 10. dxc5 dxc5 11. Qxd8+ Kxd8 12. Ba3 b6 13. b4 cxb4 14. cxb4 Bg4 15. Nbd2 Kc7 16. Bc4 f6 17. Rac1 b5 18. Bd5 Rhd8 19. Rc5 Kb6 20. Nb3 Rac8 21. h3 Bxf3 22. gxf3 Bh6 23. Be6 Rc7 24. Bc1 Bxc1 25. Rfxc1 Rd6 26. Bd5 Rcd7 27. a3 Nxd5 28. exd5 Ne7 29. f4 exf4 30. Re1 Nxd5 31. Re8 Nc7 32. Rb8+ Ka7 33. Rc8 Ne6 34. Rc2 Nd4 35. Nxd4 Rxd4 36. R8c7+ Rxc7 37. Rxc7+ Kb6 38. Rxh7 a5 39. Rh6 axb4 40. axb4 Rxb4 41. Rxg6 Rd4 42. Rxf6+ Kc5 43. h4 b4 44. Rf5+ Kc4 45. Rf8 b3 46. h5 b2 0-1

[Event "XLII San Sebastian Open 2019"]
[Site "San Sebastian"]
[Date "2019.04.18"]
[Round "7.10"]
[White "Alfaro Garcia del Cerro, Juan L"]
[Black "Vinal Gutierrez, Pedro"]
[Result "1-0"]
[ECO "D31"]
[WhiteElo "2151"]
[BlackElo "2028"]
[Annotator "NA"]
[PlyCount "61"]
[EventDate "2019.04.13"]
[EventType "swiss"]
[EventCountry "ESP"]
[SourceTitle "playchess.com"]
[Source "ChessBase"]
[SourceQuality "1"]
[TimeControl "5400+30"]

1. d4 d5 2. c4 e6 3. Nf3 c6 4. Nc3 dxc4 5. a4 Bb4 6. e4 b5 7. Be2 Bb7 8. O-O a6 9. e5 Bxc3 10. bxc3 Ne7 11. Ng5 Nd7 12. Bh5 Ng6 13. Qf3 O-O 14. Qh3 h6 15. Bxg6 fxg6 16. Qxe6+ Kh8 17. Nf7+ Rxf7 18. Qxf7 Qe8 19. Qxe8+ Rxe8 20. f4 Nb6 21. axb5 cxb5 22. f5 gxf5 23. Rxf5 Kg8 24. Ba3 Nd5 25. Raf1 Nxc3 26. Rf8+ Rxf8 27. Rxf8+ Kh7 28. e6 Ne2+ 29. Kf2 Nxd4 30. e7 Bc6 31. Rc8 1-0

[Event "XLII San Sebastian Open 2019"]
[Site "San Sebastian"]
[Date "2019.04.18"]
[Round "7.11"]
[White "Knudsen, Martin"]
[Black "Cabanas Jimenez, Manuel"]
[Result "1/2-1/2"]
[ECO "D85"]
[WhiteElo "2016"]
[BlackElo "2119"]
[Annotator "NA"]
[PlyCount "30"]
[EventDate "2019.04.13"]
[EventType "swiss"]
[EventCountry "ESP"]
[SourceTitle "playchess.com"]
[Source "ChessBase"]
[SourceQuality "1"]
[TimeControl "5400+30"]

1. d4 Nf6 2. c4 g6 3. Nc3 d5 4. cxd5 Nxd5 5. Bd2 Nb6 6. e3 Bg7 7. Nf3 O-O 8. Be2 Be6 9. b3 c6 10. O-O Bg4 11. Rc1 N8d7 12. h3 Bxf3 13. Bxf3 Nf6 14. Qe2 Qd7 15. Rfd1 Rfd8 1/2-1/2

[Event "XLII San Sebastian Open 2019"]
[Site "San Sebastian"]
[Date "2019.04.18"]
[Round "7.12"]
[White "Garcia Salamero, Gabriel"]
[Black "Sanchez Merino, Christian"]
[Result "1-0"]
[ECO "C48"]
[WhiteElo "2177"]
[BlackElo "1832"]
[Annotator "NA"]
[PlyCount "113"]
[EventDate "2019.04.13"]
[EventType "swiss"]
[EventCountry "ESP"]
[SourceTitle "playchess.com"]
[Source "ChessBase"]
[SourceQuality "1"]
[TimeControl "5400+30"]

1. e4 e5 2. Nf3 Nc6 3. Nc3 Nf6 4. Bb5 d6 5. d4 exd4 6. Nxd4 Bd7 7. O-O Nxd4 8. Qxd4 Bxb5 9. Nxb5 a6 10. Nc3 Be7 11. Bd2 O-O 12. Rad1 Nd7 13. Nd5 Bf6 14. Qc4 Rc8 15. f3 Bxb2 16. Qb4 c6 17. Ne3 Qb6 18. Qxb6 Nxb6 19. Nf5 Bf6 20. Nxd6 Rcd8 21. Be3 Rxd6 22. Bxb6 Rxd1 23. Rxd1 Rb8 24. Kf1 Kf8 25. Rb1 Re8 26. Rd1 Rb8 27. Ke2 g6 28. f4 Re8 29. Kf3 Bc3 30. Rd7 Bb4 31. Rxb7 Re7 32. Bc7 Ke8 33. Rb8+ Kd7 34. Be5 a5 35. c3 Rxe5 36. fxe5 Bxc3 37. Rb7+ Ke6 38. Rc7 Kxe5 39. Rxc6 Bb4 40. Rc7 Kf6 41. Ra7 h6 42. g4 Ke6 43. h3 Kf6 44. Rb7 Ke6 45. Ke3 Kf6 46. h4 Be1 47. h5 gxh5 48. gxh5 Bc3 49. Rb5 Be1 50. Rf5+ Kg7 51. Kd4 Bd2 52. Kd5 Bc3 53. Kd6 f6 54. Ke7 a4 55. Rf3 Bb2 56. Rg3+ Kh7 57. Kf7 1-0

[Event "XLII San Sebastian Open 2019"]
[Site "San Sebastian"]
[Date "2019.04.19"]
[Round "8.4"]
[White "Safranska, Anda"]
[Black "Cifuentes Parada, Roberto"]
[Result "1/2-1/2"]
[ECO "B30"]
[WhiteElo "2167"]
[BlackElo "2445"]
[Annotator "RC"]
[PlyCount "139"]
[EventDate "2019.04.13"]
[EventType "swiss"]
[EventCountry "ESP"]
[SourceTitle "playchess.com"]
[Source "ChessBase"]
[SourceQuality "1"]
[TimeControl "5400+30"]

1. e4 c5 2. Nf3 Nc6 3. g3 d5 4. exd5 Qxd5 5. Bg2 Qe6+ 6. Kf1 Nf6 7. Na3 g6 8. d3 Bg7 9. h3 O-O 10. Kg1 Qd7 11. Kh2 Nd5 12. Re1 b6 13. Nc4 Bb7 14. Nce5 Nxe5 15. Nxe5 Qc7 16. Qe2 Rad8 17. a3 e6 18. Bd2 Ne7 19. Bxb7 Qxb7 20. Bc3 Nf5 21. Qe4 Qxe4 22. dxe4 Bxe5 23. Bxe5 Nd4 24. Bxd4 Rxd4 25. Rad1 Rfd8 26. Rxd4 Rxd4 27. Kg2 c4 28. Re3 Kg7 29. e5 g5 30. Kf3 b5 31. Ke2 Kg6 32. g4 h5 33. f3 h4 34. b3 cxb3 35. cxb3 Rd5 36. Re4 a5 37. Re3 Kg7 38. Re4 Kf8 39. b4 axb4 40. axb4 Ke7 41. Re3 Rd7 42. Rd3 Ra7 43. Ke3 Ra4 44. Rb3 Ra1 45. Kd4 Rh1 46. f4 gxf4 47. Rf3 Rd1+ 48. Ke4 Rb1 49. Kxf4 Rxb4+ 50. Kg5 Re4 51. Kxh4 Rxe5 52. g5 b4 53. Rb3 Re4+ 54. Kh5 Kf8 55. h4 Kg7 56. Rb1 Rd4 57. Rb2 Rf4 58. Rb1 f6 59. Rb2 Rc4 60. Rb1 fxg5 61. hxg5 e5 62. Rb2 Rf4 63. Re2 e4 64. Re3 Rf7 65. Rxe4 Rb7 66. Re2 b3 67. Rb2 Rb4 68. g6 Kf6 69. g7 Kxg7 70. Kg5 1/2-1/2

[Event "XLII San Sebastian Open 2019"]
[Site "San Sebastian"]
[Date "2019.04.19"]
[Round "8.6"]
[White "Lopez Mijail, Nicolas"]
[Black "Perez Gonzalez, Jose Manuel"]
[Result "0-1"]
[ECO "B80"]
[WhiteElo "1980"]
[BlackElo "2231"]
[Annotator "ChessBase"]
[PlyCount "114"]
[EventDate "2019.04.13"]
[EventType "swiss"]
[EventCountry "ESP"]
[SourceTitle "playchess.com"]
[Source "ChessBase"]
[SourceQuality "1"]
[TimeControl "5400+30"]

1. e4 c5 2. Nf3 d6 3. d4 cxd4 4. Nxd4 Nf6 5. Nc3 e6 6. Be3 Nc6 7. Be2 Be7 8. O-O a6 9. f4 O-O 10. Bf3 Qc7 11. Nxc6 bxc6 12. Na4 Rb8 13. c4 c5 14. Qe2 Bd7 15. Nc3 Bc6 16. b3 Rbd8 17. Rad1 Nd7 18. Bf2 Rfe8 19. Rd3 Bb7 20. Rfd1 Nb8 21. Be3 Nc6 22. Qf2 Qa5 23. e5 dxe5 24. Rxd8 Rxd8 25. Rxd8+ Nxd8 26. Na4 Bxf3 27. gxf3 exf4 28. Bxc5 Bxc5 29. Qxc5 Qxc5+ 30. Nxc5 a5 31. Kf2 Kf8 32. a3 Ke7 33. b4 axb4 34. axb4 Kd6 35. Nd3 g5 36. h3 f6 37. Ke2 Nc6 38. Kd2 Nd4 39. Kc3 Nxf3 40. b5 Ne5 41. c5+ Kd5 42. c6 Nxc6 43. bxc6 Kxc6 44. Kd4 Kd6 45. Ke4 h6 46. Kd4 h5 47. Ke4 f5+ 48. Kf3 e5 49. Nf2 Kd5 50. Ke2 e4 51. Nd1 Kd4 52. Kd2 h4 53. Nc3 e3+ 54. Kc2 f3 55. Nb5+ Kc5 56. Nc7 f2 57. Ne6+ Kc4 0-1

[Event "XLII San Sebastian Open 2019"]
[Site "San Sebastian"]
[Date "2019.04.19"]
[Round "8.8"]
[White "Prieto Aranguren, Alain"]
[Black "Pastor Pons, Pedro Maria"]
[Result "1-0"]
[ECO "D15"]
[WhiteElo "2257"]
[BlackElo "2027"]
[Annotator "NA"]
[PlyCount "67"]
[EventDate "2019.04.13"]
[EventType "swiss"]
[EventCountry "ESP"]
[SourceTitle "playchess.com"]
[Source "ChessBase"]
[SourceQuality "1"]
[TimeControl "5400+30"]

1. d4 d5 2. c4 c6 3. Nf3 Nf6 4. Nc3 a6 5. e3 g6 6. Ne5 Bg7 7. Be2 O-O 8. O-O e6 9. b3 Nfd7 10. Nf3 Nf6 11. Qc2 b6 12. e4 dxe4 13. Nxe4 Nxe4 14. Qxe4 Bb7 15. Bg5 Bf6 16. Bxf6 Qxf6 17. Ne5 Ra7 18. Qe3 Ba8 19. Bf3 Rc8 20. Ng4 Qg7 21. Rad1 Nd7 22. Qf4 g5 23. Qd6 h5 24. Ne5 Nxe5 25. dxe5 g4 26. Be4 Qg5 27. f4 Qe7 28. Qd2 c5 29. Bb1 f5 30. exf6 Qxf6 31. Rfe1 Rf8 32. Re5 Rg7 33. Rxh5 Qxf4 34. Bh7+ 1-0

[Event "XLII San Sebastian Open 2019"]
[Site "San Sebastian"]
[Date "2019.04.19"]
[Round "8.9"]
[White "Randazzo, Adrian"]
[Black "Torres Ganuza, Francisco Javier"]
[Result "1/2-1/2"]
[ECO "A05"]
[WhiteElo "2248"]
[BlackElo "2018"]
[Annotator "NA"]
[PlyCount "61"]
[EventDate "2019.04.13"]
[EventType "swiss"]
[EventCountry "ESP"]
[SourceTitle "playchess.com"]
[Source "ChessBase"]
[SourceQuality "1"]
[TimeControl "5400+30"]

1. Nf3 Nf6 2. c4 g6 3. d4 Bg7 4. e3 O-O 5. Be2 c5 6. d5 d6 7. O-O e6 8. Nc3 exd5 9. cxd5 Re8 10. Nd2 a6 11. a4 b6 12. e4 Nbd7 13. f3 Qc7 14. Nc4 Ne5 15. Nxe5 Rxe5 16. Kh1 Re8 17. Qc2 Bd7 18. f4 c4 19. e5 dxe5 20. fxe5 Ng4 21. d6 Qc5 22. Bxg4 Bxg4 23. Bf4 Bf5 24. Qd2 Bxe5 25. Rae1 Bxf4 26. Rxe8+ Rxe8 27. Qxf4 Qc6 28. Kg1 Qc5+ 29. Kh1 Qc6 30. Kg1 Qc5+ 31. Kh1 1/2-1/2

[Event "XLII San Sebastian Open 2019"]
[Site "San Sebastian"]
[Date "2019.04.19"]
[Round "8.10"]
[White "Garcia Salamero, Gabriel"]
[Black "Knudsen, Martin"]
[Result "1-0"]
[ECO "B19"]
[WhiteElo "2177"]
[BlackElo "2016"]
[Annotator "NA"]
[PlyCount "79"]
[EventDate "2019.04.13"]
[EventType "swiss"]
[EventCountry "ESP"]
[SourceTitle "playchess.com"]
[Source "ChessBase"]
[SourceQuality "1"]
[TimeControl "5400+30"]

1. e4 c6 2. d4 d5 3. Nd2 dxe4 4. Nxe4 Bf5 5. Ng3 Bg6 6. h4 h6 7. Nf3 Nd7 8. Bd3 Bxd3 9. Qxd3 e6 10. Bd2 Qc7 11. O-O-O O-O-O 12. Qe2 Ngf6 13. Ne5 {[%emt 0:00:10] B19: Classical Caro-Kann: 4...Bf5 main line} (13. Ne4 Nxe4 14. Qxe4 Nf6 15. Qe2 c5 16. g3 c4 17. Bf4 Bd6 18. Bxd6 Rxd6 19. c3 b5 20. Ne5 Nd5 21. Qf3 {0-1 (46) Givon,A (2463)-Yu,R (2558) Albena 2015}) 13... Nb6 14. c3 c5 15. Kb1 Bd6 16. f4 Kb8 17. Rhf1 $146 ({Predecessor:} 17. Be3 Nbd5 18. Rhf1 Nxe3 19. Qxe3 cxd4 20. cxd4 Nd5 {1-0 (45) Garcia Salamero,G (2180)-Tarin Casado,F (1915) Parla 2010}) 17... Rhe8 18. Qf3 Ka8 19. Be3 Na4 20. dxc5 Bxc5 21. Bxc5 Nxc5 22. Ne2 Nd5 23. c4 Nb4 24. Qa3 Nca6 25. Qc3 f6 26. Nf3 Rxd1+ 27. Rxd1 Nc6 28. g3 e5 29. a3 Qb6 30. fxe5 Nxe5 31. Nxe5 fxe5 32. Rd5 Qf6 33. c5 Nb8 34. Qe3 g5 35. hxg5 hxg5 36. Nc3 g4 37. Qe4 Qe6 (37... Qf3 $14) 38. Nb5 Na6 39. Nd6 Nc7 (39... Rd8 $16) 40. Rxe5 1-0

[Event "XLII San Sebastian Open 2019"]
[Site "San Sebastian"]
[Date "2019.04.19"]
[Round "8.11"]
[White "Cabanas Jimenez, Manuel"]
[Black "Unciti Juan, Javier"]
[Result "1/2-1/2"]
[ECO "C15"]
[WhiteElo "2119"]
[BlackElo "2000"]
[Annotator "NA"]
[PlyCount "26"]
[EventDate "2019.04.13"]
[EventType "swiss"]
[EventCountry "ESP"]
[SourceTitle "playchess.com"]
[Source "ChessBase"]
[SourceQuality "1"]
[TimeControl "5400+30"]

1. e4 e6 2. d4 d5 3. Nc3 Bb4 4. Bd2 dxe4 5. Qg4 Nf6 6. Qxg7 Rg8 7. Qh6 Nc6 8. O-O-O Rg6 9. Qh4 Rg4 10. Qh3 Rg6 11. Qh4 Rg4 12. Qh3 Rg6 13. Qh4 Rg4 1/2-1/2

[Event "XLII San Sebastian Open 2019"]
[Site "San Sebastian"]
[Date "2019.04.19"]
[Round "8.12"]
[White "Sanchez Arevalo, Luis"]
[Black "Pastor Alonso De Prado, Alberto"]
[Result "1-0"]
[ECO "A14"]
[WhiteElo "2020"]
[BlackElo "2090"]
[Annotator "NA"]
[PlyCount "52"]
[EventDate "2019.04.13"]
[EventType "swiss"]
[EventCountry "ESP"]
[SourceTitle "playchess.com"]
[Source "ChessBase"]
[SourceQuality "1"]
[TimeControl "5400+30"]

1. c4 e6 2. g3 d5 3. Nf3 Nf6 4. Bg2 Be7 5. O-O O-O 6. cxd5 exd5 7. d4 c6 8. Nc3 Bf5 9. Nh4 Bg4 10. h3 Bc8 11. Qd3 g6 12. Bh6 Re8 13. Bg5 Nbd7 14. f4 Nh5 15. Bxe7 Qxe7 16. Kh2 Ndf6 17. f5 Kg7 18. fxg6 hxg6 19. Rf2 Ne4 20. Nxe4 dxe4 21. Qe3 f5 22. Raf1 f4 23. Rxf4 Nxf4 24. Rxf4 Bd7 25. Bxe4 Qe6 26. Rg4 Bc8 1-0

[Event "XLII San Sebastian Open 2019"]
[Site "San Sebastian"]
[Date "2019.04.20"]
[Round "9.1"]
[White "Alshameary Puente, Ismael"]
[Black "Harutjunyan, Gevorg"]
[Result "1/2-1/2"]
[ECO "D07"]
[WhiteElo "2425"]
[BlackElo "2440"]
[Annotator "NA"]
[PlyCount "69"]
[EventDate "2019.04.13"]
[EventType "swiss"]
[EventCountry "ESP"]
[SourceTitle "playchess.com"]
[Source "ChessBase"]
[SourceQuality "1"]
[TimeControl "5400+30"]

1. d4 d5 2. c4 Nc6 3. Nf3 Bg4 4. Nc3 e6 5. cxd5 exd5 6. Qb3 Bb4 7. e3 Bxf3 8. gxf3 Nf6 9. a3 Bxc3+ $1 10. bxc3 Rb8 11. Bd3 O-O 12. Qc2 $11 Re8 13. O-O Ne7 14. Kh1 Qc8 15. Rg1 c5 16. dxc5 Qxc5 17. c4 Rbc8 18. Bb2 Qc6 19. Bxh7+ Kf8 20. Bd3 dxc4 21. Be4 Qe6 22. Bd4 b6 23. Rg5 Nxe4 24. Bxg7+ Kg8 25. fxe4 Ng6 26. Be5 Kf8 27. f4 Nxe5 28. fxe5 Rc5 29. Rag1 c3 30. Qa4 Qc6 31. Qxa7 Qxe4+ 32. R1g2 Qb1+ 33. Rg1 Qe4+ 34. R1g2 Qb1+ 35. Rg1 1/2-1/2

[Event "XLII San Sebastian Open 2019"]
[Site "San Sebastian"]
[Date "2019.04.20"]
[Round "9.5"]
[White "Del Rio De Angelis, Salvador G."]
[Black "Garcia Salamero, Gabriel"]
[Result "1-0"]
[ECO "D35"]
[WhiteElo "2457"]
[BlackElo "2177"]
[Annotator "ChessBase"]
[PlyCount "127"]
[EventDate "2019.04.13"]
[EventType "swiss"]
[EventCountry "ESP"]
[SourceTitle "playchess.com"]
[Source "ChessBase"]
[SourceQuality "1"]
[TimeControl "5400+30"]

1. d4 d5 2. c4 e6 3. Nc3 Nf6 4. cxd5 exd5 5. Bg5 c6 6. e3 Be7 7. Bd3 O-O 8. Qc2 Nbd7 9. Nge2 Re8 10. O-O h6 11. Bh4 Ne4 12. Bxe7 Qxe7 13. b4 Ndf6 14. Rab1 Bg4 15. Ng3 Bd7 16. Rfe1 Rac8 17. Nf1 Qd6 18. f3 Ng5 19. Qf2 Ne6 20. Ng3 Rcd8 21. Nf5 Qc7 22. Qg3 Qxg3 23. hxg3 Bc8 24. g4 g6 25. Ng3 b6 26. Nge2 Re7 27. Kf2 Kg7 28. Rec1 Bb7 29. Nd1 Ne8 30. a4 Nd6 31. a5 Ree8 32. a6 Ba8 33. Nf4 Nf8 34. b5 Rc8 35. bxc6 Bxc6 36. Nc3 Nc4 37. Ncxd5 Bxd5 38. Nxd5 Nd2 39. Rxc8 Rxc8 40. Rb4 Rc1 41. Ke2 Nf1 42. Rb1 Rxb1 43. Bxb1 Ng3+ 44. Kf2 Nh1+ 45. Kg1 Ng3 46. Bd3 h5 47. gxh5 Nd7 48. hxg6 fxg6 49. Bb5 Nb8 50. e4 Kf7 51. Kf2 Nh5 52. Nxb6 Nxa6 53. Nc8 Nb4 54. Nxa7 Nc2 55. Nc6 Nf4 56. Bf1 g5 57. g3 Nh5 58. Bd3 Na1 59. Na5 Ke7 60. e5 Ke6 61. Nb3 Nxb3 62. Bc4+ Ke7 63. Bxb3 Ke8 64. Be6 1-0

[Event "XLII San Sebastian Open 2019"]
[Site "San Sebastian"]
[Date "2019.04.20"]
[Round "9.6"]
[White "Safranska, Anda"]
[Black "Suarez Garcia, Carlos"]
[Result "0-1"]
[ECO "A04"]
[WhiteElo "2167"]
[BlackElo "2424"]
[Annotator "NA"]
[PlyCount "111"]
[EventDate "2019.04.13"]
[EventType "swiss"]
[EventCountry "ESP"]
[SourceTitle "playchess.com"]
[Source "ChessBase"]
[SourceQuality "1"]
[TimeControl "5400+30"]

1. Nf3 c5 2. g3 Nc6 3. e4 g6 4. Bg2 Bg7 5. O-O e5 6. c3 Nge7 7. Na3 O-O 8. Nc2 b6 9. d4 exd4 $11 10. cxd4 d6 11. d5 Na5 12. Re1 Nc4 13. Rb1 Bg4 14. h3 Bxf3 15. Bxf3 Ne5 16. Bg2 c4 17. Bf1 Qd7 18. Kg2 Qa4 19. Na3 Qa6 20. b3 Nd3 21. Bxd3 cxd3 22. Re3 f5 23. Qxd3 Qxd3 24. Rxd3 fxe4 25. Rd1 Rf5 26. Nc4 Raf8 27. Be3 Nxd5 28. Rd2 Nc3 29. Rc1 d5 30. Nd6 Rf3 31. Rxc3 Bxc3 32. Rxd5 Rd8 33. Nxe4 Rxd5 34. Kxf3 Bd4 35. Bd2 Rd8 36. Ke2 Bg7 37. f4 h6 38. g4 Kf7 39. Ng3 Rc8 40. Kd3 Rd8+ 41. Ke2 Bf6 42. Ne4 Rd5 43. Be1 Ke6 44. Bd2 Kf7 45. Be1 Rd7 46. Bd2 Bb2 47. Ng3 Rc7 48. f5 Bc1 49. fxg6+ Kxg6 50. Be1 Bf4 51. Nf5 Rc2+ 52. Kd3 Rxa2 53. Nh4+ Kh7 54. Nf3 Rb2 55. Kc3 Re2 56. Kd4 0-1

[Event "XLII San Sebastian Open 2019"]
[Site "San Sebastian"]
[Date "2019.04.20"]
[Round "9.7"]
[White "Prieto Aranguren, Alain"]
[Black "Sanchez Arevalo, Luis"]
[Result "1-0"]
[ECO "D43"]
[WhiteElo "2257"]
[BlackElo "2020"]
[Annotator "NA"]
[PlyCount "77"]
[EventDate "2019.04.13"]
[EventType "swiss"]
[EventCountry "ESP"]
[SourceTitle "playchess.com"]
[Source "ChessBase"]
[SourceQuality "1"]
[TimeControl "5400+30"]

1. d4 d5 2. c4 c6 3. Nf3 Nf6 4. Nc3 e6 5. Bg5 h6 6. Bh4 dxc4 7. e4 g5 8. Bg3 b5 9. Be2 Bb7 10. Ne5 Nbd7 11. O-O h5 12. Nxd7 Qxd7 13. Be5 $11 Rh6 14. f4 g4 15. f5 Bg7 16. Qd2 O-O-O 17. Qg5 Rg8 18. fxe6 Qxe6 19. Bxf6 Rxf6 20. e5 Rg6 21. Qxh5 c5 22. Nxb5 Qd5 23. Rf2 cxd4 24. Bxc4 Qxc4 25. Qxg6 Qxb5 26. Qxf7 Qd5 27. e6 Rf8 28. Qxg7 Rxf2 29. Qd7+ Qxd7 30. exd7+ Kxd7 31. Kxf2 Kd6 32. h4 gxh3 33. gxh3 Be4 34. h4 a5 35. h5 a4 36. h6 Kd5 37. Rg1 Kc4 38. Ke2 a3 39. Rc1+ 1-0

[Event "XLII San Sebastian Open 2019"]
[Site "San Sebastian"]
[Date "2019.04.20"]
[Round "9.8"]
[White "Unciti Juan, Javier"]
[Black "Randazzo, Adrian"]
[Result "0-1"]
[ECO "A04"]
[WhiteElo "2000"]
[BlackElo "2248"]
[Annotator "NA"]
[PlyCount "67"]
[EventDate "2019.04.13"]
[EventType "swiss"]
[EventCountry "ESP"]
[SourceTitle "playchess.com"]
[Source "ChessBase"]
[SourceQuality "1"]
[TimeControl "5400+30"]

1. Nf3 c5 2. g3 Nc6 3. Bg2 e5 4. O-O g6 5. e4 Bg7 6. d3 Nge7 7. c3 O-O 8. Be3 b6 9. d4 exd4 10. cxd4 Ba6 11. Re1 Nb4 12. Bf1 Bxf1 13. Rxf1 d5 14. e5 cxd4 15. Bf4 d3 16. Nc3 Qc8 17. Nb5 Qd7 18. Nbd4 Rac8 19. Qb3 Na6 20. Qxd3 Nc5 21. Qe2 Ne6 22. Be3 Nxd4 23. Bxd4 Nc6 24. Rad1 Qg4 25. Rfe1 Rfe8 26. Bc3 Rcd8 27. Kg2 Qa4 28. b3 Qg4 29. h3 Qc8 30. Qb5 Qd7 31. a4 h6 32. Qd3 Kh7 33. b4 d4 34. Qb5 0-1